 Dungeon Crawl Stone Soup version 0.28-a0-723-g095bd1b44f (webtiles) character file.

Game seed: 18429458827414861914

7 meatgazer the Skirmisher (level 1, 0/18 HPs)
             Began as a Demonspawn Abyssal Knight on Oct 25, 2021.
             Was a Follower of Lugonu.
             Slain by a wraith (4 damage)
             ... on level 1 of the Abyss.
             The game lasted 00:00:11 (143 turns).

meatgazer the Skirmisher (Demonspawn Abyssal Knight) Turns: 143, Time: 00:00:11

Health: 0/18       AC:  3    Str: 13    XL:     1   Next: 83%
Magic:  2/2        EV: 11    Int: 11    God:    Lugonu [*.....]
Gold:   0          SH:  0    Dex: 13    Spells: 0/0 levels left

rFire   . . .      SeeInvis .   a - +1 falchion
rCold   . . .      Faith    .   (no shield)
rNeg    . . .      Spirit   .   b - +0 leather armour
rPois   .          Reflect  .   (no helmet)
rElec   .          Harm     .   (no cloak)
rCorr   .          Rampage  .   (no gloves)
Will    .....                   (no boots)
Stlth   +.........              (no amulet)
HPRegen 0.06/turn               (no ring)
MPRegen 0.08/turn               (no ring)

@: no status effects
A: no striking features
a: Renounce Religion, Depart the Abyss


You were on level 1 of the Abyss.
You worshipped Lugonu.
Lugonu was aware of your devotion.
You visited 0 branches of the dungeon, and saw 0 of its levels.
You visited the Abyss 1 time.

Inventory:

Hand Weapons
 a - a +1 falchion (weapon)
Armour
 b - a +0 leather armour (worn)


   Skills:
 + Level 3.2 Fighting
 + Level 1.8 Long Blades
 + Level 1.8 Armour
 + Level 0.8 Dodging
 + Level 2.5 Invocations


You couldn't memorise any spells.
You didn't know any spells.
Your spell library was empty.

Dungeon Overview and Level Annotations

Branches:
Dungeon (0/15)

Altars:


Message History

Moving in this stuff is going to be slow.
You open the door.
There is an open door here.
You open the door.
There is an open door here.
Found a club.
There is an open door here.
Found a gateway leading out of the Abyss.
There is a gateway leading out of the Abyss here.
There is a gateway leading out of the Abyss here.
A white imp comes into view.
A white imp is nearby!
The white imp shouts!
The white imp gestures at you. The puff of frost hits you!
A wraith comes into view.
The white imp barely misses you.
You hit the white imp.
The white imp is heavily wounded.
A white imp comes into view.
The white imp misses you.
The white imp shouts, "Scamper hence, thou canting elf-skinned clotpole!"
You slash the white imp!
You kill the white imp!
The white imp gestures at you. The puff of frost hits you.
* * * LOW HITPOINT WARNING * * *
You hit the wraith but do no damage. The wraith barely misses you.
You hit the wraith but do no damage. The wraith closely misses you.
You hit the wraith but do no damage.
The white imp hits you but does no damage.
The wraith hits you but does no damage. The white imp closely misses you.
You hit the wraith but do no damage. The wraith closely misses you.
The white imp hits you but does no damage.
The wraith hits you.
* * * LOW HITPOINT WARNING * * *
You hit the wraith but do no damage.
The white imp hits you but does no damage.
The wraith hits you.
You die...

#. ##.. . ####.#.. .
## ###≈≈≈. .# # .#...
≈# ##≈≈≈≈≈#.# #
##...## ..# .. ...
### #......#
...............##W..#
..# ...... #..##@5#.#
.### ..............##
##. ###....#........#
.....#
###......#...#... ##
.## ###..#..###..#.
.#... #.#...# #.# #.
# . ##.###.. #.# .#.
# . #. # . .# ##...
.. . .


You could see a wraith and a white imp.

Vanquished Creatures
  A white imp (Abyss:1)
1 creature vanquished.

Notes
Turn   | Place    | Note
-------+----------+-------------------------------------------
     0 | Abyss:1  | meatgazer the Demonspawn Abyssal Knight began the quest for
                  | the Orb.
     0 | Abyss:1  | Reached XP level 1. HP: 18/18 MP: 2/2
   135 | Abyss:1  | Noticed a wraith
   143 | Abyss:1  | Slain by a wraith

Illustrated notes

Levels and vault maps discovered:
Abyss:1:  base: Temple, base:
Temple

Action                   || total
-------------------------++-------
Melee: Falchion          ||     7
Armor: Leather armour    ||     4
Dodge: Dodged            ||     6

Table legend: (Time is in decaauts)
 A = Elapsed time spent in this place.
 B = Non-inter-level travel time spent in this place.
 C = Inter-level travel time spent in this place.
 D = Time resting spent in this place.
 E = Time spent auto-exploring this place.
 F = Levels seen in this place.
 G = Mean time per level.
                   A        B        C        D        E       F      G
               +--------+--------+--------+--------+--------+-----+--------+
         Total |    145 |    145 |      0 |      0 |    130 |   1 |  145.0 |
         Abyss |    145 |    145 |      0 |      0 |    130 |   1 |  145.0 |
               +--------+--------+--------+--------+--------+-----+--------+

Top non-repeatable levels by time:
 Abyss:1: 145 daAuts
